 Dungeon Crawl Stone Soup version 0.25.1-2-g60ff931df9 (webtiles) character file.

Game seed: 6303932197845249489

19331 Johnny the Geomancer (level 12, -2/94 HPs)
             Began as a Demigod Earth Elementalist on Oct 4, 2020.
             Slain by an orc warrior
             ... wielding a +0 flail
              (9 damage)
             ... on level 1 of the Orcish Mines.
             The game lasted 00:26:36 (18890 turns).

Johnny the Geomancer (Demigod Earth Elementalist)  Turns: 18890, Time: 00:26:37

Health: -2/94      AC:  9    Str: 11    XL:     12   Next: 8%
Magic:  9/30       EV: 12    Int: 33    God:
Gold:   923        SH:  0    Dex: 16    Spells: 17/30 levels left

rFire    . . .     SeeInvis .   c - +0 whip (venom)
rCold    . . .     Gourm    .   (no shield)
rNeg     . . .     Faith    .   o - +1 robe {Archmagi}
rPois    .         Spirit   .   H - +1 hat
rElec    .         Reflect  .   Q - +2 cloak {rCorr}
rCorr    +         Harm     .   G - +0 pair of gloves
MR       +....                  u - +0 pair of boots
Stlth    ++........             N - amulet of magic regeneration
HPRegen  0.25/turn              w - ring of resist corrosion
MPRegen  0.47/turn              p - +6 ring of intelligence

@: flying, very slightly contaminated
A: high mp 1
a: no special abilities


You were on level 1 of the Orcish Mines.
You were very hungry.

You visited 2 branches of the dungeon, and saw 13 of its levels.
You also visited: Sewer and Bailey.

You collected 923 gold pieces.

Inventory:

Hand Weapons
 c - a +0 whip of venom (weapon)
Missiles
 r - 103 stones (quivered)
Armour
 e - the cursed +0 chain mail of Ytsujema {rPois rN+++ Dex-5 Stlth+}
   (You found it on level 7 of the Dungeon)

   It affects your dexterity (-5).
   It protects you from poison.
   It renders you almost immune to negative energy.
   It makes you more stealthy.
   It has a curse placed upon it.
 o - a +1 robe of the Archmagi (worn)
 u - a +0 pair of boots (worn)
 y - a +2 robe of cold resistance
 G - a +0 pair of gloves (worn)
 H - a +1 hat (worn)
 Q - a +2 cloak of preservation (worn)
 V - a +0 troll leather armour
Jewellery
 p - a +6 ring of intelligence (right hand)
 w - a ring of resist corrosion (left hand)
 B - an uncursed ring of fire
 D - a +4 ring of protection {unknown}
 N - an amulet of magic regeneration (around neck)
 O - an uncursed ring of flight {unknown}
 S - a +6 ring of intelligence
 X - an uncursed ring of magical power
Wands
 h - a wand of iceblast (1)
 F - a wand of flame (23)
 U - a wand of random effects (22)
Scrolls
 q - 3 scrolls of amnesia
 s - 4 scrolls of enchant armour
 v - 6 scrolls of remove curse
 I - a scroll of acquirement {unknown}
 K - a scroll of holy word {unknown}
 L - 2 scrolls of brand weapon {unknown}
 M - 2 scrolls of vulnerability {unknown}
 T - a scroll of random uselessness {unknown}
 W - a scroll of noise {unknown}
 Y - 3 scrolls of identify
Potions
 b - 2 potions of magic
 g - 3 potions of brilliance
 j - a potion of might
 k - a potion of berserk rage
 l - 2 potions of degeneration
 m - a potion of cancellation {unknown}
 n - 2 potions of mutation {unknown}
 t - 3 potions of stabbing {unknown}
 z - 3 potions of lignification {unknown}
 A - 5 potions of flight
 C - 4 potions of heal wounds {unknown}
 E - 3 potions of haste
 J - a potion of curing
Miscellaneous
 P - a box of beasts
Comestibles
 d - 30 rations


   Skills:
 + Level 5.3 Fighting
 - Level 1.7 Dodging
 - Level 1.7 Stealth
 + Level 9.8 Spellcasting
 - Level 0.8 Transmutations
 * Level 14.4 Earth Magic


You had 17 spell levels left.
You knew the following spells:

 Your Spells              Type           Power        Failure   Level  Hunger
a - Sandblast             Erth           ######       0%          1    None
b - Stone Arrow           Conj/Erth      ######       1%          3    None
c - Lee's Rapid Deconstr  Erth           ########..   1%          5    ###....
d - Petrify               Tmut/Erth      #######.     1%          4    None

Your spell library contained the following spells:

 Spells                   Type           Power        Failure   Level  Hunger
 Passwall                 Tmut/Erth      #######.     1%          2    None
 Magic Dart               Conj           ###.         3%          1    None
 Searing Ray              Conj           ###...       4%          2    None
 Confusing Touch          Hex            ###.....     9%          3    None
 Dazzling Flash           Conj/Hex       ###...       9%          3    None
 Gell's Gravitas          Tloc           ###.......   9%          3    None
 Fulminant Prism          Conj/Hex       ###.......   28%         4    None
 Iskenderun's Mystic Bla  Conj/Tloc      ###.....     28%         4    None
 Yara's Violent Unravell  Hex/Tmut       ####......   56%         5    ###....
 Metabolic Englaciation   Hex/Ice        ###.......   63%         5    ###....


Dungeon Overview and Level Annotations

Branches:
Dungeon (12/15)            Temple (0/1) D:5            Lair (0/6) D:10
    Orc (1/2) D:12          Sewer (visited)          Bailey (visited)

Portals:
Trove: D:10 (give horn of Geryon)

Annotations:
D:3 2 runed translucent doors, Gaxx's ghost, amateur DsGl


Innate Abilities, Weirdness & Mutations

You have an increased reservoir of magic. (+10% MP)


Message History

The orc hits you.
* * * LOW HITPOINT WARNING * * *
Unknown command.
Blink to where?
Press: ? - help, Dir - move target cursor
As you read the scroll of blinking, it crumbles to dust.
An orc comes into view. It is wielding a +0 mace.
The orc shouts! x2
As you read the scroll of teleportation, it crumbles to dust.
You feel strangely unstable.
The orc priest calls down the wrath of Beogh upon you.
Beogh smites you!
* * * LOW HITPOINT WARNING * * *
The orc closely misses you.
Unknown command.
The orc barely misses you.
Unknown command.
Your surroundings seem slightly different.
The orc warrior hits you with a +0 flail!
You die...

######### ##
##.#...#.###§##
#.........#§o§##
..........#§o§§##
.....>...o)§§o[§##
.........o#o##)§.#
.......§.o.h@##o##
......)###o..##o##
.....#O######o.§§#
.... #.#≈≈.##o..##
... #OO≈≈†.).###
.. ##o.≈≈)...#
o.... ##.((o≈≈%..#


ooo... #(.(.†o≈≈≈.# ......##††...o(≈≈.# You could see a warg, an orc warrior, an
orc priest, an orc wizard and 4 orcs.

Vanquished Creatures
  An ettin (Orc:1)
  3 two-headed ogres
  A tengu warrior (D:11)
  Urug (D:11)
  An unseen horror (D:11)
  Pikel (D:5)
  A wolf spider zombie (D:12)
  An ugly thing (D:11)
  2 oklob plants (D:8)
  A manticore (D:12)
  A cyclops (D:12)
  Maurice (D:8)
  Joseph (D:7)
  2 gargoyles
  A freezing wraith (D:12)
  A kobold demonologist (D:11)
  3 trolls
  2 hippogriffs
  A shadow (D:11)
  A wyvern (D:12)
  Eustachio (D:5)
  3 yaks
  15 orc warriors
  2 black bears
  2 eyes of draining (D:3)
  A hornet zombie (D:10)
  4 ice beasts
  4 slaves
  2 sky beasts
  3 centaurs
  7 ogres
  5 phantoms
  3 crocodiles
  6 big kobolds
  Blork the orc (D:5)
  8 bullfrogs
  4 jellies
  4 scorpions
  3 killer bees (D:10)
  3 wights (D:10)
  10 howler monkeys
  2 centaur zombies
  A bullfrog zombie (D:12)
  6 hounds
  5 orc priests
  2 centaur skeletons (D:8)
  18 orc wizards
  2 bullfrog skeletons
  2 iguanas (D:9)
  13 worker ants
  2 hound skeletons
  2 hound zombies
  A howler monkey zombie (D:7)
  3 worker ant zombies
  9 gnolls
  9 adders
  A river rat (D:6)
  A shadow imp (D:11)
  2 oozes
  An adder skeleton (D:5)
  4 worms
  A dart slug (D:4)
  4 leopard geckos
  76 orcs
  8 giant cockroaches
  10 goblins
  6 hobgoblins
  7 jackals
  4 quokkas
  4 ball pythons
  8 bats
  5 frilled lizards
  33 kobolds
  A quokka skeleton (D:5)
  14 rats
385 creatures vanquished.

Vanquished Creatures (collateral kills)
  3 yaks (D:10)
  2 orc warriors (Orc:1)
  2 orc priests (Orc:1)
  An orc wizard (Orc:1)
  3 orcs
11 creatures vanquished.

Vanquished Creatures (others)
  A yak (D:10)
  An orc (Orc:1)
2 creatures vanquished.

Grand Total: 398 creatures vanquished

Notes
Turn   | Place    | Note
-------+----------+-------------------------------------------
     0 | D:1      | Johnny the Demigod Earth Elementalist began the quest for
                  | the Orb.
     0 | D:1      | Reached XP level 1. HP: 14/14 MP: 5/5
     7 | D:1      | You fall into a shaft and drop 1 floor!
   298 | D:1      | Reached skill level 3 in Earth Magic
   371 | D:1      | Reached XP level 2. HP: 15/20 MP: 5/7
  1368 | D:2      | Reached XP level 3. HP: 26/26 MP: 7/9
  1628 | D:2      | Reached skill level 4 in Earth Magic
  1961 | D:2      | Reached XP level 4. HP: 32/33 MP: 6/10
  2531 | D:3      | Learned a level 3 spell: Stone Arrow
  2624 | D:3      | Found a bloodstained altar of Trog.
  2624 | D:3      | Noticed an eye of draining
  3293 | D:3      | Noticed an eye of draining
  3342 | D:3      | Killed an eye of draining
  3342 | D:3      | Reached skill level 5 in Earth Magic
  3342 | D:3      | Reached XP level 5. HP: 38/38 MP: 1/12
  3381 | D:3      | Killed an eye of draining
  3512 | D:3      | Found a large runed translucent door.
  3512 | D:3      | Found a large runed translucent door.
  3516 | D:3      | Noticed Gaxx's ghost (amateur DsGl)
  3828 | D:4      | Reached XP level 6. HP: 45/45 MP: 14/14
  4780 | D:4      | Reached skill level 6 in Earth Magic
  5372 | D:4      | Reached XP level 7. HP: 50/50 MP: 13/16
  5896 | D:5      | Entered Level 5 of the Dungeon
  6186 | D:4      | Learned a level 5 spell: Lee's Rapid Deconstruction
  6191 | D:4      | Learned a level 4 spell: Petrify
  6315 | D:5      | Noticed Eustachio
  6692 | D:5      | Killed Eustachio
  6692 | D:5      | Reached skill level 7 in Earth Magic
  7292 | D:5      | Noticed Blork the orc
  7307 | D:5      | Killed Blork the orc
  7373 | D:5      | Noticed Pikel
  7379 | D:5      | Killed Pikel
  7379 | D:5      | Reached skill level 5 in Spellcasting
  7379 | D:5      | Reached skill level 8 in Earth Magic
  7379 | D:5      | Reached XP level 8. HP: 57/57 MP: 8/19
  7477 | D:5      | Found a staircase to the Ecumenical Temple.
  8025 | D:6      | Reached skill level 9 in Earth Magic
  8165 | D:6      | Found a glowing drain.
  8169 | Sewer    | Entered a sewer
  9200 | D:6      | Found an ornate altar of the Wu Jian Council.
  9347 | D:6      | HP: 1/57 [centaur/arrow (11)]
  9361 | D:6      | HP: 2/57 [centaur (8)]
  9394 | D:6      | Reached XP level 9. HP: 22/62 MP: 1/22
 10029 | D:7      | Got a spiked chain mail
 10190 | D:7      | Noticed Joseph
 10285 | D:7      | Killed Joseph
 10285 | D:7      | Reached skill level 10 in Earth Magic
 10753 | D:7      | Found an opulent altar of Gozag.
 10811 | D:7      | Found a sparkling altar of Nemelex Xobeh.
 10811 | D:7      | Found an iron altar of Okawaru.
 10885 | D:7      | Found a shimmering blue altar of Sif Muna.
 10887 | D:7      | Found a glowing golden altar of the Shining One.
 10888 | D:7      | Found a faded altar of an unknown god.
 11421 | D:8      | Noticed a two-headed ogre
 11424 | D:8      | Killed a two-headed ogre
 11424 | D:8      | Reached skill level 11 in Earth Magic
 11572 | D:8      | Noticed Maurice
 11578 | D:8      | Killed Maurice
 11750 | D:8      | Found a white marble altar of Elyvilon.
 11770 | D:8      | Reached XP level 10. HP: 62/69 MP: 25/25
 12441 | D:8      | Found a blossoming altar of Fedhas.
 12443 | D:8      | Noticed an oklob plant
 12443 | D:8      | Noticed an oklob plant
 12448 | D:8      | Killed an oklob plant
 12649 | D:8      | Killed an oklob plant
 12649 | D:8      | Reached skill level 12 in Earth Magic
 13086 | D:9      | Noticed a two-headed ogre
 13091 | D:9      | Killed a two-headed ogre
 13345 | D:9      | Noticed a two-headed ogre
 13353 | D:9      | Killed a two-headed ogre
 14340 | D:10     | Entered Level 10 of the Dungeon
 14349 | D:10     | Reached skill level 1 in Fighting
 14424 | D:10     | Found a staircase to the Lair.
 14765 | D:10     | Reached XP level 11. HP: 70/78 MP: 25/28
 14783 | D:10     | Reached skill level 13 in Earth Magic
 14911 | D:10     | Found a flagged portal.
 14921 | Bailey   | Entered a bailey
 15496 | Bailey   | Identified the cursed +0 chain mail of Ytsujema {rPois
                  | rN+++ Dex-5 Stlth+} (You found it on level 7 of the
                  | Dungeon)
 16206 | D:10     | Found a portal to a secret trove of treasure.
 16667 | D:11     | Noticed Urug
 16682 | D:11     | Killed Urug
 17202 | D:11     | Killed an unseen horror
 17447 | D:11     | Noticed a tengu warrior
 17450 | D:11     | Killed a tengu warrior
 17721 | D:12     | Reached skill level 14 in Earth Magic
 17915 | D:12     | Found a staircase to the Orcish Mines.
 18412 | D:12     | Reached skill level 5 in Fighting
 18822 | Orc:1    | Entered Level 1 of the Orcish Mines
 18823 | Orc:1    | Reached XP level 12. HP: 94/94 MP: 26/30
 18823 | Orc:1    | Noticed an ettin
 18861 | Orc:1    | Killed an ettin
 18890 | Orc:1    | Slain by an orc warrior

Illustrated notes

Levels and vault maps discovered:
D:1:      ncdulo_smallfort, layout_loops_ring
D:2:      layout_basic, small_statue_intersection
D:3:      layout_basic, trog_eyes_of_draining, ebering_ghost_disaster_area,
          minmay_quantized
D:4:      layout_rooms, first_ration
D:5:      layout_rooms, minmay_temple_entry_stoned_glass, uniq_blork_the_orc,
          uniq_eustachio, uniq_pikel
D:6:      layout_gridville, lemuel_coloured_pillars_altar, gup_sewer_entry_bowl
D:7:      layout_basic, grunt_gozag_breadcrumbs,
          chequers_temple_overflow_minitemple, uniq_joseph
D:8:      layout_basic, grunt_ogre_cave, hangedman_tree_tricks,
          elyvilon_altar_4, uniq_maurice
D:9:      layout_stronghold, hangedman_glass_garden
D:10:     layout_roguey, david_lair_generic, enter_bailey_2,
          nicolae_trove_entry_free_sample
D:11:     layout_loops_cross, uniq_urug
D:12:     layout_loops_ring, hiddenorc2_lemuel
Orc:1:    layout_caves, mines_bat_river

Skill      XL: |  1  2  3  4  5  6  7  8  9 10 11 |
---------------+----------------------------------+-----
Earth Magic    | 3 4 5 6 8 9 11 12 14 | 14.4
Spellcasting   | 2 3 4 5 6 7 8 9 |  9.8
Fighting       | 1 5 |  5.3
Dodging        | |  1.7
Stealth        | |  1.7
Transmutations | |  0.8

Action                   |  1- 3 |  4- 6 |  7- 9 | 10-12 || total
-------------------------+-------+-------+-------+-------++-------
Melee: Unarmed           |    54 |    22 |       |       ||    76
       Dagger            |       |   297 |       |       ||   297
       Whip              |       |   108 |   251 |   240 ||   599
 Cast: Sandblast         |    42 |     7 |    75 |    80 ||   204
       Stone Arrow       |       |       |    24 |   119 ||   143
       Lee's Rapid Decon |       |       |    17 |    65 ||    82
       Petrify           |       |       |     4 |     8 ||    12
Evoke: Wand              |       |       |    10 |    11 ||    21
       Box of beasts     |       |       |       |     5 ||     5
  Use: Potion            |       |     2 |     6 |     2 ||    10
       Scroll            |       |       |    16 |    10 ||    26
 Stab: Sleeping          |     2 |     1 |     5 |     2 ||    10
       Petrified         |       |       |     8 |       ||     8
       Distracted        |       |       |       |     1 ||     1
  Eat: Chunk             |     2 |    13 |    25 |    25 ||    65
       Ration            |       |       |       |     1 ||     1
Armor: Robe              |    15 |    14 |    51 |   115 ||   195
       Scale mail        |       |   172 |    13 |       ||   185
Dodge: Dodged            |    49 |   187 |   188 |   239 ||   663
